 Dungeon Crawl Stone Soup version 0.29-a0-362-g5854e031c7 (webtiles) character file.

Game seed: 13277526931197301774

681 spiderkeys the Skirmisher (level 7, -7/55 HPs)
             Began as a Mummy Abyssal Knight on Apr 30, 2022.
             Was an Elder of Lugonu.
             Mangled by a water moccasin (9 damage)
             ... on level 4 of the Dungeon.
             The game lasted 00:08:01 (3623 turns).

spiderkeys the Skirmisher (Mummy Abyssal Knight)    Turns: 3623, Time: 00:08:02

Health: -7/55      AC:  3    Str: 17    XL:     7   Next: 34%
Magic:  7/11       EV: 16    Int: 11    God:    Lugonu [****..]
Gold:   162        SH:  0    Dex: 12    Spells: 10/12 levels left

rFire   x . .      SeeInvis +   w - +10 scythe "Wawn" {speed, Will++}
rCold   + . .      Faith    .   (shield currently unavailable)
rNeg    + + +      Spirit   .   j - +1 robe
rPois   ∞          Reflect  .   (no helmet)
rElec   .          Harm     .   (no cloak)
rCorr   .          Rampage  .   (no gloves)
Will    ++...                   (no boots)
Stlth   +.........              (no amulet)
HPRegen 0.18/turn               E - +4 ring of evasion
MPRegen 0.12/turn               v - ring of see invisible

@: no status effects
A: cold resistance 1, negative energy resistance 3, torment resistance 2, heat
vulnerability 1, in touch with death 1, no potions
a: Renounce Religion, Depart the Abyss, Bend Space, Banish, Corrupt


You were on level 4 of the Dungeon.
You worshipped Lugonu.
Lugonu was greatly pleased with you.
You visited 1 branch of the dungeon, and saw 4 of its levels.
You visited the Abyss 1 time.

You collected 188 gold pieces.
You spent 26 gold pieces at shops.


Innate Abilities, Weirdness & Mutations

You are immune to poison.
Your flesh is cold resistant. (rC+)
You are immune to negative energy. (rN+++)
You are immune to unholy pain and torment.
You are vulnerable to heat. (rF-)
You are in touch with the powers of death.
You do not drink.


   Skills:
 + Level 4.7 Fighting
 + Level 3.3 Polearms
 - Level 1.5 Armour
 + Level 2.9 Dodging
 - Level 3.0 Spellcasting
 + Level 1.5 Necromancy
 + Level 3.6 Invocations


You had 10 spell levels left.
You knew the following spells:

 Your Spells              Type           Power      Damage    Failure   Level
a - Animate Skeleton      Necr           14%        N/A       14%         1
s - Summon Small Mammal   Summ           4%         N/A       26%         1

Your spell library contained the following spells:

 Spells                   Type           Power      Damage    Failure   Level
 Apportation              Tloc           2%         N/A       26%         1
 Freeze                   Ice            4%         1d3       26%         1
 Sandblast                Erth           2%         2d4       26%         1
 Passwall                 Tmut/Erth      0%         N/A       36%         2
 Frozen Ramparts          Ice            2%         1d2       61%         3
 Stone Arrow              Conj/Erth      2%         3d7       61%         3
 Hailstorm                Conj/Ice       1%         3d3       95%         4

Inventory:

Hand Weapons
 a - a +1 spear
 i - a +4 dagger of venom
   (You took it off a goblin on level 2 of the Dungeon)
 w - the +10 scythe "Wawn" (weapon) {speed, Will++}
   (You found it on level 3 of the Dungeon)

   Attacks with this weapon are significantly faster.
   Will:      It greatly increases your willpower.
Missiles
 c - 113 stones
 q - 8 boomerangs
 u - 5 poisoned darts
Armour
 b - a +0 leather armour
 d - a +0 leather armour
   (You found it on level 1 of the Dungeon)
 e - a +0 ring mail
   (You found it on level 1 of the Dungeon)
 j - a +1 robe (worn)
   (You found it on level 1 of the Dungeon)
 l - a +0 robe
   (You found it on level 2 of the Dungeon)
 o - a +0 ring mail
   (You found it on level 3 of the Dungeon)
 p - a +0 leather armour
   (You took it off an orc on level 3 of the Dungeon)
 r - a +0 leather armour
   (You took it off an orc on level 3 of the Dungeon)
 s - a +0 ring mail
   (You took it off a kobold on level 3 of the Dungeon)
 t - a +0 leather armour
   (You found it on level 3 of the Dungeon)
 x - a +0 scale mail
   (You took it off an orc on level 3 of the Dungeon)
 z - a +0 plate armour
   (You found it on level 3 of the Dungeon)
 A - a +0 robe
   (You took it off an orc wizard on level 4 of the Dungeon)
 B - a +0 chain mail
   (You took it off an orc on level 4 of the Dungeon)
 C - a +0 leather armour
   (You took it off an orc on level 4 of the Dungeon)
 D - a +0 scale mail
   (You took it off an orc on level 4 of the Dungeon)
 F - a +0 leather armour
   (You took it off Eustachio on level 4 of the Dungeon)
 G - a +0 ring mail
   (You found it on level 4 of the Dungeon)
Jewellery
 v - a ring of see invisible (right hand)
   (You found it on level 1 of the Dungeon)
 E - a +4 ring of evasion (left hand)
   (You found it on level 1 of the Dungeon)
 L - a ring of flight
   (You found it on level 3 of the Dungeon)
Scrolls
 f - a scroll of torment
 g - a scroll of summoning
 h - a scroll of vulnerability {!r!r}
 k - a scroll of teleportation {@r4}
 m - a scroll of identify {@r1}
 n - a scroll of enchant weapon
 y - a scroll of enchant armour
 H - a scroll of magic mapping {unknown}

Dungeon Overview and Level Annotations

Branches:
Dungeon (4/15)
 Temple: D:4-7

Altars:

Shops:
D:1 *   D:4 *

Annotations:
D:3 2 runed translucent doors, lucidbluej's ghost, weakling OgBe

#.# #......... #.#
#.####.### #.# #.#
#.# #.# #.# #.#
#.# #.# #.#
####.####.####.#
#..............##
#.#######.#####.##
#@# #.#....#.# #S#
#.#.###.## #S'.∩.+
..#.###.## ###...#
###....... ####
#####...
#.############
#.##..........
#.##.#########
#.##.#


You could see a water moccasin and an adder.


Message History

The hobgoblin shouts!
You barely miss the hobgoblin. The hobgoblin hits you. 😕 HP[-4]
You take 4 damage, and now have 51/55 hp.
A hobgoblin is nearby!
You slice the hobgoblin!!
You kill the hobgoblin!
Lugonu accepts your kill.
You see here a hobgoblin corpse.
You now have 151 gold pieces (gained 8).
You now have 162 gold pieces (gained 11).
Key pressed, stopping explore.
A ball python comes into view. 😎 HP[+4]
Your hp is fully restored (55).
The ball python hisses angrily.
You reach to attack!
You closely miss the ball python. The ball python closely misses you.
The ball python barely misses you.
You slash the ball python!
You kill the ball python!
Lugonu accepts your kill.
G - a +0 ring mail Key pressed, stopping explore.
H - a scroll labelled PILLAA YCYSTRA You open the door.
A water moccasin and an adder come into view.
The water moccasin hisses angrily.
You hear an angry hiss.
A water moccasin comes into view.
The water moccasin moves out of view. x2
Found Vozadiv's Serpentskin Sales.
You reach to attack!
You slash the adder!
You reach to attack!
You closely miss the water moccasin. The water moccasin bites you. 😕 HP[-2]
You take 2 damage, and now have 53/55 hp.
You slash the water moccasin!
The water moccasin bites you but does no damage.
You barely miss the water moccasin. The water moccasin bites you. x2
The water moccasin bites you! 😮 HP[-18]
You take 18 damage, and now have 35/55 hp.
MASSIVE DAMAGE!! (PAUSE)
The water moccasin bites you. 😮 HP[-5]
You take 5 damage, and now have 30/55 hp.
You slash the water moccasin! The water moccasin closely misses you.
The water moccasin bites you.
* * * LOW HITPOINT WARNING * * *
😨 HP[-5]
You take 5 damage, and now have 25/55 hp.
You closely miss the water moccasin. The water moccasin misses you.
You slice the water moccasin!!
You kill the water moccasin!
Lugonu accepts your kill. The water moccasin closely misses you.
You completely miss the water moccasin. The water moccasin bites you.
* * * LOW HITPOINT WARNING * * *
The water moccasin closely misses you. 😨 HP[-4]
You take 4 damage, and now have 21/55 hp.
You closely miss the water moccasin. The water moccasin bites you.
* * * LOW HITPOINT WARNING * * *
😨 HP[-3]
You take 3 damage, and now have 18/55 hp.
You slash the water moccasin! The water moccasin bites you!
* * * LOW HITPOINT WARNING * * *
The water moccasin bites you.
* * * LOW HITPOINT WARNING * * *
😱 HP[-10]
You take 10 damage, and now have 8/55 hp.
Press: ? - help, Shift-Dir - straight line, f - water moccasin
Aim: a water moccasin (moderately wounded, chance to affect: 81%)
The water moccasin barely resists.
The water moccasin bites you.
* * * LOW HITPOINT WARNING * * *
The water moccasin barely misses you. 😱 HP[-1] MP[-4]
You take 1 damage, and now have 7/55 hp.
You lost 4 mp, and now have 7/11 mp.
You can't drink.
Unknown command.
Press: ? - help, Shift-Dir - straight line, f/p - water moccasin
Aim: a water moccasin (moderately wounded, chance to affect: 81%)
You fail to use your ability.
The water moccasin bites you.
* * * LOW HITPOINT WARNING * * *
😱 HP[-6]
You take 6 damage, and now have 1/55 hp.
Unknown command.
You can't drink.
Press: ? - help, Shift-Dir - straight line, f/p - water moccasin
Aim: a water moccasin (moderately wounded, chance to affect: 81%)
You fail to use your ability.
The water moccasin closely misses you. 😱 HP[+1]
Press: ? - help, Shift-Dir - straight line, f/p - water moccasin
Aim: a water moccasin (moderately wounded, chance to affect: 81%)
You fail to use your ability.
The water moccasin completely misses you.
The water moccasin bites you!
You die...

Skill      XL: |  1  2  3  4  5  6 |
---------------+-------------------+-----
Dodging        | 1 2 |  2.9
Invocations    | 2 3 |  3.6
Polearms       | 2 3 |  3.3
Spellcasting   | 1 2 3 |  3.0
Fighting       | 4 |  4.7
Necromancy     | 1 |  1.5
Armour         | |  1.5

Action                   |  1- 3 |  4- 6 |  7- 9 || total
-------------------------+-------+-------+-------++-------
Melee: Spear             |   125 |    81 |       ||   206
       Punch             |     1 |       |       ||     1
       Scythe            |       |    55 |    14 ||    69
Throw: Stone             |     4 |       |       ||     4
 Cast: Summon Small Mamm |     3 |     3 |       ||     6
       Animate Skeleton  |     2 |     6 |       ||     8
Invok: Bend Space        |     2 |       |       ||     2
       Banish            |       |       |     1 ||     1
  Use: Scroll            |     5 |     1 |       ||     6
 Stab: Sleeping          |       |     2 |       ||     2
       Distracted        |       |     1 |       ||     1
Armor: Leather armour    |    16 |       |       ||    16
       Robe              |     9 |     9 |     1 ||    19
Dodge: Dodged            |    69 |   101 |     9 ||   179

Levels and vault maps discovered:
D:1:      doesnt_arrival_eight_statues, layout_loops_ring, serial_shops, shop
D:2:      minmay_door_path, layout_basic,
          hellmonk_ecumenical_altar_pennies_from_heaven, st_stairs_13
D:3:      corexii_shack_village, layout_basic, ebering_ghost_disaster_area,
          uniq_grinder
D:4:      layout_loops_ring, grunt_qazlal_sundering, guppyfry_shop_venom,
          uniq_eustachio

Notes
Turn   | Place    | Note
-------+----------+-------------------------------------------
     0 | Abyss:1  | spiderkeys the Mummy Abyssal Knight began the quest for the
                  | Orb.
     0 | Abyss:1  | Reached XP level 1. HP: 18/18 MP: 2/2
     0 | Abyss:1  | magus.rc [v1.11.3]
     6 | Abyss:1  | Noticed a tentacled starspawn
    12 | Abyss:1  | Found a corrupted altar of Lugonu.
    18 | D:1      | You pass through the gate.
    18 | D:1      | Escaped the Abyss
   103 | D:1      | You pick up a book of Geomancy and begin reading...
   103 | D:1      | You add the spells Sandblast, Passwall and Stone Arrow to
                  | your library.
   124 | D:1      | You pick up a book of Cantrips and begin reading...
   124 | D:1      | You add the spells Animate Skeleton, Summon Small Mammal
                  | and Apportation to your library.
   194 | D:1      | Reached skill level 1 in Dodging
   223 | D:1      | You pick up a book of Frost and begin reading...
   223 | D:1      | You add the spells Freeze, Frozen Ramparts and Hailstorm to
                  | your library.
   267 | D:1      | Reached XP level 2. HP: 24/24 MP: 3/3
   269 | D:1      | Learned a level 1 spell: Animate Skeleton
   627 | D:1      | Reached skill level 2 in Invocations
   764 | D:1      | Reached *** piety under Lugonu
   774 | D:1      | Reached skill level 2 in Polearms
   774 | D:1      | Gained mutation: You are in touch with the powers of death.
                  | [Mummy growth]
   774 | D:1      | Reached XP level 3. HP: 21/29 MP: 4/4
   894 | D:1      | Found Naxol's General Store.
   898 | D:1      | Bought a scroll of identify for 26 gold pieces
   918 | D:1      | Learned a level 1 spell: Summon Small Mammal
  1403 | D:2      | Reached skill level 1 in Spellcasting
  1404 | D:2      | Noticed a black bear
  1429 | D:2      | Killed a black bear
  1430 | D:2      | Reached XP level 4. HP: 20/37 MP: 0/6
  1607 | D:2      | Found a faded altar of an unknown god.
  1704 | D:2      | Reached skill level 2 in Spellcasting
  1704 | D:2      | Reached XP level 5. HP: 39/42 MP: 6/8
  2424 | D:3      | Reached skill level 2 in Dodging
  2692 | D:3      | Found a large runed translucent door.
  2692 | D:3      | Found a large runed translucent door.
  2694 | D:3      | Identified the +10 scythe "Wawn" {speed, Will++}
  2818 | D:3      | Noticed lucidbluej's ghost (weakling OgBe)
  2843 | D:3      | Noticed Grinder
  2857 | D:3      | Killed Grinder
  2858 | D:3      | Reached skill level 4 in Fighting
  2858 | D:3      | Reached skill level 3 in Spellcasting
  2858 | D:3      | Reached skill level 3 in Invocations
  2858 | D:3      | Reached XP level 6. HP: 42/48 MP: 6/10
  3417 | D:4      | Noticed Eustachio
  3422 | D:4      | Reached **** piety under Lugonu
  3428 | D:4      | Reached skill level 3 in Polearms
  3446 | D:4      | Killed Eustachio
  3447 | D:4      | Reached skill level 1 in Necromancy
  3447 | D:4      | Reached XP level 7. HP: 51/55 MP: 11/11
  3608 | D:4      | Found Vozadiv's Serpentskin Sales.
  3619 | D:4      | HP: 10/55 [water moccasin (8)]
  3621 | D:4      | HP: 1/55 [water moccasin (6)]
  3623 | D:4      | Mangled by a water moccasin

Vanquished Creatures
  Grinder (D:3)
  Eustachio (D:4)
  A water moccasin (D:4)
  A black bear (D:2)
  An orc wizard (D:4)
  3 adders
  A worm (D:2)
  15 orcs
  7 endoplasms
  2 giant cockroaches (D:2)
  7 goblins
  9 hobgoblins
  3 jackals (D:1)
  3 quokkas
  13 ball pythons
  7 bats
  3 frilled lizards
  13 kobolds
  2 rats
93 creatures vanquished.

Vanquished Creatures (collateral kills)
  An orc (D:3)
  A hobgoblin (D:2)
2 creatures vanquished.

Vanquished Creatures (others)
  2 starspawn tentacles (Abyss:1)
2 creatures vanquished.

Grand Total: 97 creatures vanquished

Table legend:
 A = Non-vault XP
 B = Vault XP
 C = Vault XP percentage of total XP
 D = Non-vault monster count
 E = Vault monster count
 F = Vault count percentage of total count
                 A         B        C        D         E       F
            +---------+---------+-------+---------+---------+-------
      Total |     338 |     635 |  65.3 |      79 |      16 |  16.8
            +---------+---------+-------+---------+---------+-------
        D:1 |      46 |       0 |   0.0 |      29 |       0 |   0.0
        D:2 |     177 |       5 |   2.7 |      17 |       3 |  15.0
        D:3 |      34 |     282 |  89.2 |      18 |      11 |  37.9
        D:4 |      81 |     348 |  81.1 |      15 |       2 |  11.8
            +---------+---------+-------+---------+---------+-------

Illustrated notes

Table legend:
 A = Kills in this place as a percentage of kills in entire the game.
 B = Kills by you in this place as a percentage of kills by you in the entire game.
 C = Kills by friends in this place as a percentage of kills by friends in the entire game.
 D = Other kills in this place as a percentage of other kills in the entire game.
 E = Experience gained in this place as a percentage of experience gained in the entire game.
 F = Experience gained in this place divided by the number of levels of this place that you have seen.
                   A       B       C       D       E      F
               +-------+-------+-------+-------+-------+----------------------
         Total | 100.0 | 100.0 | 100.0 |   N/A | 100.0 | 194.6
       Dungeon | 100.0 | 100.0 | 100.0 |   N/A | 100.0 | 243.2
               +-------+-------+-------+-------+-------+----------------------

Table legend: (Time is in decaauts)
 A = Elapsed time spent in this place.
 B = Non-inter-level travel time spent in this place.
 C = Inter-level travel time spent in this place.
 D = Time resting spent in this place.
 E = Time spent auto-exploring this place.
 F = Levels seen in this place.
 G = Mean time per level.
                   A        B        C        D        E       F      G
               +--------+--------+--------+--------+--------+-----+--------+
         Total |   3638 |   3532 |    106 |     38 |   2881 |   5 |  727.6 |
       Dungeon |   3620 |   3514 |    106 |     38 |   2875 |   4 |  905.0 |
         Abyss |     18 |     18 |      0 |      0 |      6 |   1 |   18.0 |
               +--------+--------+--------+--------+--------+-----+--------+

Top non-repeatable levels by time:
     D:2: 1186 daAuts
     D:1: 1132 daAuts
     D:3: 975 daAuts
     D:4: 326 daAuts
 Abyss:1: 18 daAuts
